 Dungeon Crawl Stone Soup version 0.26.1-11-gd32895ea62 (webtiles) character file.

Game seed: 16907227237206436532

69 vovch the Skirmisher (level 4, -2/42 HPs)
             Began as a Minotaur Fighter on June 4, 2021.
             Slain by a gnoll (7 damage)
             ... on level 2 of the Dungeon.
             The game lasted 00:03:29 (956 turns).

vovch the Skirmisher (Minotaur Fighter)              Turns: 956, Time: 00:03:30

Health: -2/42      AC:  6    Str: 20    XL:     4   Next: 2%
Magic:  3/3        EV:  7    Int:  6    God:
Gold:   68         SH:  9    Dex: 10    Spells: 3/3 levels left

rFire    . . .     SeeInvis .   a - +0 flail
rCold    . . .     Faith    .   c - +0 kite shield
rNeg     . . .     Spirit   .   b - +0 scale mail
rPois    .         Reflect  .   (helmet restricted)
rElec    .         Harm     .   (no cloak)
rCorr    .         Rampage  .   (no gloves)
Will     .....                  (no boots)
Stlth    ..........             (no amulet)
HPRegen  0.14/turn              (no ring)
MPRegen  0.08/turn              (no ring)

@: no status effects
A: retaliatory headbutt, horns 2
a: no special abilities


You were on level 2 of the Dungeon.
You visited 1 branch of the dungeon, and saw 2 of its levels.

You collected 68 gold pieces.

Inventory:

Hand Weapons
 a - a +0 flail (weapon)
Armour
 b - a +0 scale mail (worn)
 c - a +0 kite shield (worn)
Jewellery
 f - a +4 ring of protection {unknown}
Scrolls
 e - 4 scrolls of identify {unknown}
 g - a scroll of teleportation {unknown}
 h - a scroll of amnesia {unknown}
 i - a scroll of remove curse {unknown}
 j - a scroll of magic mapping {unknown}
Potions
 d - a potion of might
 k - a potion of curing {unknown}


   Skills:
 * Level 5.0 Fighting
 + Level 3.3 Maces & Flails
 - Level 3.6 Armour
 + Level 4.2 Shields


You had 3 spell levels left.
You didn't know any spells.
Your spell library was empty.

Dungeon Overview and Level Annotations

Branches:
Dungeon (2/15)

Altars:


Innate Abilities, Weirdness & Mutations

You reflexively headbutt those who attack you in melee.
You have a pair of horns on your head.


Message History

The gnoll hits you but does no damage.
The gnoll hits you from afar with a +0 spear!
The gnoll hits you. You block the gnoll's attack.
You thump the gnoll!
The gnoll is severely wounded.
The gnoll hits you from afar with a +0 spear.
The gnoll barely misses you. The gnoll hits you.
The gnoll hits you from afar with a +0 spear!
* * * LOW HITPOINT WARNING * * *
You barely miss the gnoll.
The gnoll is severely wounded.
The gnoll hits you but does no damage. The gnoll hits you.
* * * LOW HITPOINT WARNING * * *
You block the gnoll's attack. x2; The gnoll barely misses you.
You closely miss the gnoll.
You headbutt the gnoll, but do no damage.
The gnoll is severely wounded.
The gnoll barely misses you. The gnoll hits you but does no damage.
The gnoll hits you!
You die...

##......# ###.....
#......# #......
#......# #.....#
#......# #.....#
#......## ##.....#
#......#. ......#
#####......#. #.g...#
.......>####. #gg...#.#
############.###@.......
..........##.........###
..#.#####.##..###+##.#
#...#####.##....# ..
#.#.....#.###...# ..
#.#####.#.......# #
..†.....#####........
#######.# ###.###.. #.#
##


You could see 3 gnolls.

Vanquished Creatures
  3 adders (D:2)
  2 worms (D:2)
  3 dart slugs (D:1)
  A ball python (D:1)
  A giant cockroach (D:1)
  3 goblins
  3 hobgoblins (D:1)
  5 jackals (D:1)
  3 bats
  A frilled lizard (D:2)
  A kobold (D:1)
  6 rats
32 creatures vanquished.

Notes
Turn   | Place    | Note
-------+----------+-------------------------------------------
     0 | D:1      | vovch the Minotaur Fighter began the quest for the Orb.
     0 | D:1      | Reached XP level 1. HP: 19/19 MP: 0/0
    80 | D:1      | Reached skill level 4 in Fighting
   106 | D:1      | Reached XP level 2. HP: 27/27 MP: 1/1
   457 | D:1      | Reached XP level 3. HP: 34/34 MP: 2/2
   932 | D:2      | Reached skill level 5 in Fighting
   932 | D:2      | Reached XP level 4. HP: 42/42 MP: 3/3
   956 | D:2      | Slain by a gnoll

Illustrated notes

Levels and vault maps discovered:
D:1:      minmay_arrival_stone_box, layout_rooms
D:2:      layout_basic

Skill      XL: |  1  2  3 |
---------------+----------+-----
Fighting       | 4 5 |  5.0
Shields        | 4 |  4.2
Maces & Flails | 3 |  3.3
Armour         | |  3.6

Action                   |  1- 3 |  4- 6 || total
-------------------------+-------+-------++-------
Melee: Flail             |    77 |     6 ||    83
       Headbutt          |    13 |     1 ||    14
Armor: Scale mail        |    39 |     5 ||    44
Dodge: Dodged            |    25 |     4 ||    29
Block: Kite shield       |    33 |     6 ||    39
